 Seeded DCSS version 0.29.1-4-g47bece8355 (webtiles) character file.

Game seed: 7490213113129164439 (custom seed)

189 GigaChad the Covered (level 5, 0/46 HPs)
             Began as a Minotaur Fighter on Dec 6, 2022.
             Slain by Pikel
             ... wielding a +2 whip of electrocution
              (5 damage)
             ... on level 4 of the Dungeon.
             The game lasted 00:05:11 (2466 turns).

GigaChad the Covered (Minotaur Fighter)             Turns: 2466, Time: 00:05:11

Health: 0/46       AC:  8    Str: 22    XL:     5   Next: 40%
Magic:  13/13      EV:  9    Int:  5    God:
Gold:   150        SH:  9    Dex: 10    Spells: 4/4 levels left

rFire   . . .      SeeInvis .   o - +5 war axe "Gur Reg" {speed, Will+ MP+9 Stlth-}
rCold   . . .      Faith    .   c - +0 buckler
rNeg    . . .      Spirit   .   b - +0 scale mail
rPois   .          Reflect  +   (helmet restricted)
rElec   .          Harm     .   n - +0 cloak
rCorr   .          Rampage  .   (no gloves)
Will    +....                   (no boots)
Stlth   ..........              l - amulet of reflection
HPRegen 0.15/turn               (no ring)
MPRegen 0.13/turn               (no ring)

@: no status effects
A: horns 2, retaliatory headbutt
a: no special abilities


You were on level 4 of the Dungeon.
You visited 1 branch of the dungeon, and saw 4 of its levels.

You collected 150 gold pieces.

Inventory:

Hand Weapons
 a - a +0 war axe
 k - the +5 mace of Valour {freeze, Str+4}
   (You found it on level 2 of the Dungeon)

   It freezes those it strikes, dealing additional cold damage.
   It can also slow down cold-blooded creatures.
   Str:       It affects your strength (+4).
 o - the +5 war axe "Gur Reg" (weapon) {speed, Will+ MP+9 Stlth-}
   (You found it on level 4 of the Dungeon)

   Attacks with this weapon are significantly faster.
   MP:        It affects your magic capacity (+9).
   Will:      It increases your willpower.
   Stlth:     It makes you less stealthy.
Armour
 b - a +0 scale mail (worn)
 c - a +0 buckler (worn)
 n - a +0 cloak (worn)
Jewellery
 e - a ring of magical power
 l - an amulet of reflection (around neck)
Scrolls
 f - 2 scrolls of silence {unknown}
 i - a scroll of vulnerability
 j - a scroll of noise
Potions
 d - 2 potions of might
 g - 2 potions of degeneration {unknown}
 h - a potion of mutation {unknown}
 m - 3 potions of curing


   Skills:
 + Level 4.3 Fighting
 + Level 3.6(4.0) Axes
 + Level 2.4(3.4) Maces & Flails
 + Level 5.0 Armour
 + Level 1.1 Dodging
 + Level 4.4 Shields


You had 4 spell levels left.
You didn't know any spells.
Your spell library contained the following spells:

 Spells                   Type           Power      Damage    Failure   Level
 Sublimation of Blood     Necr           0%         N/A       95%         2
 Wereblood                Tmut           0%         N/A       95%         2
 Summon Hydra             Summ           0%         N/A       100%        7


Dungeon Overview and Level Annotations

Branches:
Dungeon (4/15)
 Temple: D:4-7

Altars:
Vehumet

Shops:
D:3 [

Annotations:
D:4 Pikel


Innate Abilities, Weirdness & Mutations

You have a pair of horns on your head.
You reflexively headbutt those who attack you in melee.


Message History

Pikel hits you with a +2 whip of electrocution.
The lemure barely misses you. You furiously retaliate!
You headbutt the lemure. You block the lemure's attack. The lemure hits you.
The lemure closely misses you. You furiously retaliate!
You headbutt the lemure! You slash the lemure! Your headbutt misses the lemure.
The lemure is severely wounded.
You closely miss the lemure. You hit Pikel. You hit the lemure. x2
Pikel misses you. You furiously retaliate!
You headbutt Pikel. You block the lemure's attack.
The lemure closely misses you. The lemure hits you.
* * * LOW HITPOINT WARNING * * *
The lemure hits you!
* * * LOW HITPOINT WARNING * * *
The lemure attacks as you move away! The lemure hits you.
* * * LOW HITPOINT WARNING * * *
You block the lemure's attack. You block the lemure's attack.
The lemure attacks as you move away! The lemure hits you.
* * * LOW HITPOINT WARNING * * *
There is an open door here.
You closely miss Pikel. Your headbutt misses Pikel.
Pikel is moderately wounded.
You closely miss Pikel.
Pikel is moderately wounded.
Pikel barely misses you. You furiously retaliate!
You headbutt Pikel, but do no damage. You slash Pikel!
Pikel is moderately wounded.
You block Pikel's attack.
You barely miss Pikel.
Pikel is moderately wounded.
You block Pikel's attack.
You slice Pikel!!
Pikel is almost dead.
Pikel barely misses you. You furiously retaliate!
You headbutt Pikel. You closely miss Pikel.
Pikel is almost dead.
Pikel hits you with a +2 whip of electrocution.
You die...

##.## ##.###.....##
#.## ##.#.......##
###.# #..........#
....## ##..........+
###..##
##.#.........#
#.#.###[###.......##
#.##...## ##.....##
#..##### ##...## #.#
##@## .## #K# #
#####5####
###...555..#
#........#.#
#.#.#......# #
##...#.# ....#.#
...... .


You could see Pikel and 4 lemures.

Vanquished Creatures
  Edmund (D:4)
  Jessica (D:2)
  An orc (D:3)
  4 endoplasms
  2 giant cockroaches
  7 hobgoblins
  4 kobolds
  8 ball pythons
  3 bats
  15 frilled lizards
  5 goblins
  4 rats
55 creatures vanquished.

Vanquished Creatures (others)
  4 plants (D:3)
4 creatures vanquished.

Grand Total: 59 creatures vanquished

Notes
Turn   | Place    | Note
-------+----------+-------------------------------------------
     0 | D:1      | GigaChad the Minotaur Fighter began the quest for the Orb.
     0 | D:1      | Reached XP level 1. HP: 19/19 MP: 0/0
   191 | D:1      | Reached XP level 2. HP: 27/27 MP: 1/1
   425 | D:1      | Reached skill level 4 in Armour
   429 | D:1      | Found a faded altar of an unknown god.
   905 | D:2      | Found a radiant altar of Vehumet.
   983 | D:2      | Reached XP level 3. HP: 29/33 MP: 2/2
  1135 | D:2      | Identified the +5 mace of Valour {freeze, Str+4}
  1139 | D:2      | Noticed Jessica
  1154 | D:2      | Killed Jessica
  1648 | D:3      | Reached XP level 4. HP: 40/40 MP: 3/3
  1953 | D:3      | Found Vitiuwur's Armour Shop.
  2314 | D:4      | Noticed Edmund
  2326 | D:4      | Killed Edmund
  2327 | D:4      | Reached skill level 5 in Armour
  2327 | D:4      | Reached skill level 1 in Dodging
  2327 | D:4      | Reached XP level 5. HP: 39/46 MP: 4/4
  2330 | D:4      | Identified the +5 war axe "Gur Reg" {speed, Will+ MP+9
                  | Stlth-}
  2445 | D:4      | Noticed a lemure
  2445 | D:4      | Noticed a lemure
  2447 | D:4      | Noticed a lemure
  2448 | D:4      | Noticed Pikel
  2448 | D:4      | Noticed a lemure
  2466 | D:4      | Slain by Pikel

Illustrated notes

Levels and vault maps discovered:
D:1:      dpeg_arrival_connections, layout_loops_corners, basic_ecumenical_altar
D:2:      layout_loops_ring, basic_altar, uniq_jessica
D:3:      layout_loops_corners, serial_shops, shop, minmay_lizard_king
D:4:      layout_loops_corners, uniq_pikel, uniq_edmund

Skill      XL: |  1  2  3  4 |
---------------+-------------+-----
Armour         | 4 5 |  5.0
Shields        | 4 |  4.4
Axes           | 3 |  3.6
Fighting       | 4 |  4.3
Maces & Flails | 2 |  2.4
Dodging        | 1 |  1.1

Action                   |  1- 3 |  4- 6 || total
-------------------------+-------+-------++-------
Melee: War axe           |    51 |    13 ||    64
       Headbutt          |    10 |     3 ||    13
       Mace              |    17 |    30 ||    47
  Use: Scroll            |     1 |     1 ||     2
Armor: Scale mail        |    45 |    18 ||    63
Dodge: Dodged            |    34 |    25 ||    59
Block: Buckler           |    22 |    33 ||    55
       Reflection        |     1 |       ||     1
